 Dungeon Crawl Stone Soup version 0.31-a0-1-g4198be8af4 (webtiles) character file.

Game seed: 548224908236487523

85067 Pimp the Impaler (level 15, -2/122 HPs)
             Began as a Merfolk Gladiator on May 1, 2023.
             Was a High Priest of the Shining One.
             Slain by a nagaraja
             ... wielding a +0 club
              (4 damage)
             ... on level 2 of the Snake Pit on May 2, 2023.
             The game lasted 01:28:06 (25452 turns).

Pimp the Impaler (Merfolk Gladiator)               Turns: 25452, Time: 01:28:06

Health: -2/122     AC: 20    Str: 22    XL:     15   Next: 82%
Magic:  36/36      EV: 17    Int:  9    God:    the Shining One [*****.]
Gold:   828        SH:  0    Dex: 24    Spells: 23/30 levels left

rFire   + + +        o - +9 lance "Wyrmbane" {slay drac, rPois rF+ rC+ AC+3}
rCold   . . .        O - +5 kite shield {reflect}
rNeg    + + +        j - +1 fire dragon scales "Ogar" {rF++ rC- rN+ SInv}
rPois   +            c - +1 helmet
rElec   .            q - scarf {repulsion}
rCorr   .            (no gloves)
SInv    +            l - +0 pair of boots
Will    +....        z - amulet of regeneration Stlth
                     w - +6 ring of dexterity
HPRegen 1.20/turn    D - ring "Xeban" {rN+ MP+9 Str+4}
MPRegen 0.25/turn

%: repel missiles, reflection
@: confused, lethally poisoned (-2 -> -8), ambrosia-drunk, untranslocatable,
glowing, constricted
A: (nimble swimmer 2), mertail, deterioration 1, fire resistance 1
a: Renounce Religion, Divine Shield, Cleansing Flame, Summon Divine Warrior


You were on level 2 of the Snake Pit.
You worshipped the Shining One.
The Shining One was extremely pleased with you.
You visited 5 branches of the dungeon, and saw 21 of its levels.
You also visited: Bailey.

You collected 3312 gold pieces.
You spent 2484 gold pieces at shops.

Inventory:

Hand Weapons
 a - a +0 trident
 o - the +9 lance "Wyrmbane" (weapon) {slay drac, rPois rF+ rC+ AC+3}
   (You took it off a hobgoblin on level 3 of the Dungeon)

   AC:        It affects your AC (+3).
   rF:        It protects you from fire.
   rC:        It protects you from cold.
   rPois:     It protects you from poison.
 u - a +1 glaive
 N - the +1 trident "Onoqeac" {venom, Fly Str+3 Dex+2}
   (You found it on level 2 of the Lair of Beasts)

   Str:       It affects your strength (+3).
   Dex:       It affects your dexterity (+2).
   Fly:       It grants you flight.
Missiles
 d - 12 throwing nets
 e - 7 javelins
Armour
 b - a +0 leather armour
 c - a +1 helmet (worn)
 j - the +1 fire dragon scales "Ogar" (worn) {rF++ rC- rN+ SInv}
   (You took it off a gnoll in a bailey)

   rF:        It greatly protects you from fire.
   rC:        It makes you vulnerable to cold.
   rN:        It protects you from negative energy.
   SInv:      It lets you see invisible.
 k - a +2 cloak
 l - a +0 pair of boots (worn)
 p - a +0 chain mail
 q - a scarf of repulsion (worn)
 H - +0 ice dragon scales
 I - an orb of energy
 O - a +5 kite shield of reflection (worn)
Jewellery
 n - a ring of ice
 w - a +6 ring of dexterity (left hand)
 x - a ring of positive energy
 z - an amulet of regeneration (around neck)
 C - a ring of resist corrosion
 D - the ring "Xeban" (right hand) {rN+ MP+9 Str+4}
   (You acquired it on level 8 of the Dungeon)

   [ring of magical power]

   Str:       It affects your strength (+4).
   rN:        It protects you from negative energy.
   MP:        It affects your magic capacity (+9).
 F - a ring of fire
 P - an amulet of guardian spirit
 V - an amulet of magic regeneration
Wands
 i - a wand of flame (32)
 r - a wand of paralysis (25)
 s - a wand of polymorph (6)
 v - a wand of roots (6)
 B - a wand of mindburst (31)
 L - a wand of digging (2)
 T - a wand of acid (5) (quivered)
Scrolls
 m - 20 scrolls of identify
 y - 4 scrolls of magic mapping
 E - a scroll of enchant armour
 G - a scroll of amnesia
 K - 2 scrolls of immolation
 M - 3 scrolls of enchant weapon
 R - 2 scrolls of fog
 U - 3 scrolls of teleportation
Potions
 f - 2 potions of haste
 g - 6 potions of flight
 h - a potion of magic
 t - a potion of brilliance
 A - 2 potions of ambrosia
 S - 5 potions of lignification
Miscellaneous
 J - a condenser vane


   Skills:
 + Level 12.5 Fighting
 - Level 16.7 Polearms
 - Level 3.2 Throwing
 + Level 11.6 Armour
 - Level 14.9 Dodging
 * Level 4.5 Shields
 + Level 8.3 Spellcasting
 * Level 6.0 Transmutations
 + Level 2.5 Air Magic
 - Level 3.8 Invocations


You had 23 spell levels left.
You knew the following spells:

 Your Spells              Type           Power      Damage    Failure   Level
a - Storm Form            Tmut/Air       5%         N/A       100%        7

Your spell library contained the following spells:

 Spells                   Type           Power      Damage    Failure   Level
 Blink                    Tloc           6%         N/A       82%         2
 Lesser Beckoning         Tloc           6%         N/A       82%         2
 Momentum Strike          Conj/Tloc      6%         3d8       82%         2
 Vhi's Electric Charge    Tloc/Air       12%        N/A       86%         3
 Blade Hands              Tmut           7%         N/A       92%         5
 Portal Projectile        Hex/Tloc       6%         N/A       96%         3
 Tukima's Dance           Hex            3%         N/A       96%         3
 Manifold Assault         Tloc           3%         N/A       100%        4
 Arcjolt                  Conj/Air       3%         1d13      100%        5
 Dispersal                Tloc           1%         N/A       100%        6
 Plasma Beam              Fire/Air       3%         2x1d14    100%        6
 Disjunction              Tloc           1%         N/A       100%        8


Dungeon Overview and Level Annotations

Branches:
Dungeon (11/15)            Temple (1/1) D:5            Lair (5/5) D:9
 Shoals (0/4) Lair:2        Snake (2/4) Lair:2        Slime (0/5) Lair:4
    Orc (2/2) D:10            Elf (0/3) Orc:2        Bailey (visited)

Altars:
Cheibriados
Dithmenos
Elyvilon
Fedhas
Gozag
Hepliaklqana
Kikubaaqudgha
Makhleb
Nemelex Xobeh
Okawaru
Qazlal
Sif Muna
Trog
Uskayaw
Vehumet
Wu Jian
Xom
Yredelemnul
Zin
The Shining One

Shops:
D:4 *   D:8 ?   Orc:2 (((=

Annotations:
Lair:5 exclusion: ice statue
Snake:1 Roxanne


Innate Abilities, Weirdness & Mutations

((You are very nimble when in or above water. (Stealth+, EV+, Speed+++)))
Your lower body shifts to a powerful aquatic tail in water.
Your body sometimes deteriorates upon taking damage.
Your flesh is heat resistant. (rF+)


Message History

* * * LOW HITPOINT WARNING * * *
Okay, then.
Okay, then.
Activating: Cleansing Flame (47% risk of failure)
Press: ? - help, Dir - look around, f - activate The golden flame engulfs you but does no damage.
You resist.
The golden flame engulfs the nagaraja.
The nagaraja is almost dead.
You feel sick.
The nagaraja points at you and mumbles some strange words.
The bolt of poison hits you!
You are more poisoned.
You resist.
* * * LOW HITPOINT WARNING * * *
The nagaraja constricts you.
* * * LOW HITPOINT WARNING * * *
The nagaraja gestures at you while chanting.
The poison arrow misses you. The nagaraja constricts you.
You barely miss the nagaraja.
The nagaraja is almost dead.
* * * LOW HITPOINT WARNING * * *
You feel very sick. The nagaraja hits you with a +0 club.
* * * LOW HITPOINT WARNING * * *
The nagaraja constricts you.
* * * LOW HITPOINT WARNING * * *
You are confused.
You feel invigorated.
* * * LOW HITPOINT WARNING * * *
You feel very sick.
The nagaraja hits you but does no damage.
The nagaraja constricts you.
* * * LOW HITPOINT WARNING * * *
Okay, then.
You are more confused.
You feel more invigorated.
* * * LOW HITPOINT WARNING * * *
You feel very sick. The nagaraja hits you with a +0 club.
You die...

#..!######### ##...#####.#####.
#...........# ##.....#..........
#...#######.###......#.###.#####
#...# #.##.......#.###.# # #...#
#.##.............# # #...#
##.##......##.###.####. #...#
#.........###.# #.....^ #...#
#.###..N.## #.# ######. ##.##
##.####@.#####.## # #.#
##...'...........# # #.#
##....#...........# #.#
##.....#...........# #.#
#......#..........##
#.###......#.........##
#..........##.......##
##.##......###.....##
#.###.....# ##...##


You could see a nagaraja (fast).

Vanquished Creatures
  Aizul (Snake:1)
  An ice dragon (Snake:1)
  2 ogre magi (Orc:2)
  3 hydras
  The ghost of Maxmaps the Summoner, a journeyman DsCj of Gozag (D:11)
  4 anacondas
  4 catoblepae
  A dancing weapon (D:11)
  8 two-headed ogres
  5 naga warriors
  13 death yaks
  6 naga sharpshooters
  An orc high priest (Orc:1)
  Nergalle (D:11)
  A fire crab (Lair:3)
  Lodul (D:10)
  2 deep trolls (Orc:1)
  A skyshark (Lair:4)
  3 naga ritualists
  4 mana vipers
  2 orc sorcerers
  An ugly thing (D:11)
  Pikel (D:5)
  A salamander (Snake:1)
  2 manticores (Lair:5)
  2 cyclopes (Orc:2)
  21 elephants
  A merfolk siren (Lair:2)
  Maurice (D:9)
  Joseph (D:10)
  11 black mambas
  14 cane toads
  8 naga magi
  A freezing wraith (Lair:4)
  7 komodo dragons
  A rime drake (Lair:3)
  12 trolls
  4 polar bears
  11 blink frogs
  A wraith (D:9)
  6 wyverns
  2 basilisks
  33 yaks
  2 steam dragons
  13 vampire mosquitoes
  A warg (Orc:2)
  Duvessa (D:7)
  18 nagas
  6 water moccasins
  10 orc warriors
  A sky beast (D:8)
  3 black bears
  7 ice beasts
  31 ogres
  15 wolves
  5 centaurs
  2 phantoms
  3 lemures
  A kobold brigand (D:8)
  10 bullfrogs
  7 gnoll sergeants (Bailey)
  2 scorpions (D:5)
  Dowan (D:7)
  9 killer bees
  3 electric eels
  5 howler monkeys
  The ghost of rinse the Sneak, a weakling KoDe (D:6)
  2 jellies
  5 hounds
  6 gnoll boudas
  10 orc priests
  4 iguanas
  14 orc wizards
  6 hell rats
  29 gnolls
  6 adders
  3 shadow imps (D:5)
  4 white imps
  An ufetubus (D:5)
  5 worms
  2 dart slugs
  46 orcs
  3 bats
  10 endoplasms
  2 giant cockroaches (D:2)
  14 goblins
  11 hobgoblins
  3 jackals (D:1)
  10 kobolds
  2 quokkas
  7 ball pythons
  2 frilled lizards (D:1)
  A goblin skeleton (D:9)
  A jackal skeleton (D:9)
  4 rats
577 creatures vanquished.

Vanquished Creatures (others)
  An orc wizard (Orc:1)
  An orc (Orc:2)
  18 fungi
  29 plants
  2 withered plants (Snake:2)
51 creatures vanquished.

Grand Total: 628 creatures vanquished

Notes
Turn   | Place    | Note
-------+----------+-------------------------------------------
     0 | D:1      | Pimp the Merfolk Gladiator began the quest for the Orb.
     0 | D:1      | Reached XP level 1. HP: 16/16 MP: 1/1
   156 | D:1      | Reached XP level 2. HP: 19/23 MP: 2/2
   720 | D:2      | Reached XP level 3. HP: 21/28 MP: 3/3
   734 | D:2      | Reached XP level 4. HP: 23/34 MP: 4/4
   830 | D:2      | Found a faded altar of an unknown god.
  1537 | D:2      | Reached skill level 5 in Polearms
  1709 | D:3      | Reached skill level 5 in Dodging
  1737 | D:3      | Reached XP level 5. HP: 35/41 MP: 5/5
  2049 | D:3      | Found a shimmering altar of Xom.
  2746 | D:4      | Noticed a black bear
  2757 | D:3      | Killed a black bear
  2758 | D:3      | Reached skill level 1 in Armour
  2758 | D:3      | Reached XP level 6. HP: 40/48 MP: 6/6
  2884 | D:4      | Reached skill level 6 in Polearms
  2906 | D:4      | Reached XP level 7. HP: 35/54 MP: 7/7
  3337 | D:4      | Found Wiajugh's General Store.
  3382 | D:5      | Entered Level 5 of the Dungeon
  3403 | D:5      | Reached skill level 7 in Polearms
  3477 | D:5      | Reached XP level 8. HP: 57/61 MP: 8/8
  3485 | D:5      | Reached skill level 5 in Fighting
  3490 | D:5      | Noticed Pikel
  3499 | D:5      | Reached skill level 8 in Polearms
  3596 | D:5      | Gained mutation: Your body sometimes deteriorates upon
                  | taking damage. [potion of mutation]
  3596 | D:5      | Gained mutation: Your flesh is heat resistant. (rF+)
                  | [potion of mutation]
  3900 | D:5      | Found a staircase to the Ecumenical Temple.
  4389 | D:5      | Killed Pikel
  4390 | D:5      | Reached skill level 9 in Polearms
  4390 | D:5      | Reached XP level 9. HP: 19/69 MP: 9/9
  4735 | D:5      | Found a sparkling altar of Nemelex Xobeh.
  4799 | Temple   | Entered the Ecumenical Temple
  4835 | Temple   | Became a worshipper of the Shining One
  5154 | D:6      | Reached skill level 10 in Polearms
  5278 | D:6      | Found a runed translucent door.
  5281 | D:6      | Noticed rinse's ghost (weakling KoDe)
  5296 | D:6      | Killed rinse's ghost
  5762 | D:7      | Found a blossoming altar of Fedhas.
  6096 | D:7      | Noticed Duvessa
  6096 | D:7      | Noticed Dowan
  6109 | D:7      | Killed Duvessa
  6115 | D:7      | Killed Dowan
  6203 | D:7      | Noticed a gargoyle
  6406 | D:8      | Reached skill level 11 in Polearms
  6480 | D:8      | Found a flagged portal.
  6497 | Bailey   | Entered a bailey
  6797 | Bailey   | Reached * piety under the Shining One
  6819 | Bailey   | Reached XP level 10. HP: 74/79 MP: 10/10
  7007 | Bailey   | Reached skill level 12 in Polearms
  7129 | Bailey   | Identified the +1 fire dragon scales "Ogar" {rF++ rC- rN+
                  | SInv}
  7317 | Bailey   | Identified the +1 demon blade of Eternal Vigilance {venom,
                  | Str-4 Dex+5 SInv}
  7517 | D:8      | Found Tutioptimo's Magic Scroll Boutique.
  8187 | D:9      | Found a staircase to the Lair.
  8368 | D:9      | Noticed Maurice
  8380 | D:9      | Killed Maurice
  8459 | D:9      | Reached skill level 10 in Dodging
  8510 | D:9      | Found an ornate altar of the Wu Jian Council.
  8511 | D:9      | Found an opulent altar of Gozag.
  8640 | D:9      | Found a runed translucent door.
  8641 | D:9      | Reached ** piety under the Shining One
  8643 | D:9      | Found a basalt altar of Yredelemnul.
  8949 | D:10     | Entered Level 10 of the Dungeon
  8964 | D:10     | Found a snail-covered altar of Cheibriados.
  8999 | D:10     | Reached skill level 13 in Polearms
  9005 | D:10     | Reached skill level 5 in Armour
  9075 | D:10     | Found a bloodstained altar of Trog.
  9078 | D:10     | Noticed Joseph
  9096 | D:10     | Killed Joseph
  9215 | D:10     | Reached XP level 11. HP: 56/87 MP: 11/11
  9340 | D:10     | Found a shadowy altar of Dithmenos.
  9351 | D:10     | Found a burning altar of Makhleb.
  9351 | D:10     | Found an ancient bone altar of Kikubaaqudgha.
  9375 | D:10     | Noticed Lodul
  9598 | D:8      | Bought a scroll of acquirement for 780 gold pieces
  9598 | D:8      | Acquired the ring "Xeban" {rN+ MP+9 Str+4}
  9904 | D:10     | Reached skill level 14 in Polearms
 10258 | D:10     | Found a staircase to the Orcish Mines.
 10324 | D:10     | Killed Lodul
 10629 | D:11     | Noticed a purple ugly thing
 10641 | D:11     | Killed a purple ugly thing
 10835 | D:11     | Reached *** piety under the Shining One
 10897 | D:11     | Identified the staff of death "Cackola" {rN+ Int+3}
 10977 | D:11     | Found a runed translucent door.
 10977 | D:11     | Noticed a +0 rapier of chaos
 11015 | D:11     | Noticed Nergalle
 11025 | D:11     | Killed Nergalle
 11026 | D:11     | Reached skill level 1 in Spellcasting
 11145 | D:11     | Found a shimmering altar of Xom.
 11145 | D:11     | Noticed Maxmaps's ghost (journeyman DsCj)
 11159 | D:11     | Killed a +0 rapier of chaos
 11169 | D:11     | Killed Maxmaps's ghost
 11170 | D:11     | Reached skill level 15 in Polearms
 11170 | D:11     | Identified the +8 battleaxe of the Sheltering Gods {heavy,
                  | Stlth+}
 11375 | Orc:1    | Entered Level 1 of the Orcish Mines
 11442 | Orc:1    | Noticed an orc sorcerer
 11623 | D:10     | Killed an orc sorcerer
 11629 | D:10     | Reached XP level 12. HP: 44/95 MP: 15/15
 12199 | Orc:1    | Noticed an orc high priest
 12236 | Orc:1    | Noticed a sun demon
 12435 | Orc:1    | Killed an orc high priest
 12494 | Orc:1    | Found a radiant altar of Vehumet.
 12815 | Orc:2    | Entered Level 2 of the Orcish Mines
 13041 | Orc:2    | Noticed a two-headed ogre
 13042 | Orc:2    | Reached **** piety under the Shining One
 13111 | Orc:1    | Killed a two-headed ogre
 13466 | Orc:2    | Noticed an ogre mage
 13973 | Orc:2    | Noticed a two-headed ogre
 14029 | Orc:1    | Killed a two-headed ogre
 14147 | Orc:2    | Killed an ogre mage
 14176 | Orc:2    | Found Ongog's Weapon Boutique.
 14177 | Orc:2    | Found Gorisch's Weapon Boutique.
 14188 | Orc:2    | Noticed a two-headed ogre
 14372 | Orc:2    | Killed a two-headed ogre
 14619 | Orc:2    | Found a burning altar of Makhleb.
 14885 | Orc:2    | Found a staircase to the Elven Halls.
 14958 | Orc:2    | Noticed a two-headed ogre
 14968 | Orc:2    | Killed a two-headed ogre
 14969 | Orc:2    | Reached skill level 10 in Fighting
 15152 | Orc:2    | Noticed a two-headed ogre
 15161 | Orc:2    | Killed a two-headed ogre
 15271 | Orc:2    | Found Ruunkuac's Jewellery Shoppe.
 15276 | Orc:2    | Noticed a two-headed ogre
 15289 | Orc:2    | Noticed an ogre mage
 15290 | Orc:2    | Reached skill level 16 in Polearms
 15290 | Orc:2    | Reached XP level 13. HP: 80/103 MP: 19/19
 15711 | Orc:2    | Found Itariangi's Weapon Shop.
 16147 | Orc:2    | Bought a +6 ring of dexterity for 504 gold pieces
 16147 | Orc:2    | Bought an amulet of regeneration for 420 gold pieces
 16402 | Lair:1   | Entered Level 1 of the Lair of Beasts
 16747 | Lair:1   | Reached skill level 5 in Spellcasting
 17022 | Lair:2   | Identified the +1 trident "Onoqeac" {venom, Fly Str+3
                  | Dex+2}
 17473 | Lair:2   | Found a staircase to the Snake Pit.
 18007 | Lair:2   | Found a staircase to the Shoals.
 18760 | Lair:3   | Reached XP level 14. HP: 85/113 MP: 23/23
 18804 | Lair:3   | Reached skill level 10 in Armour
 19329 | Lair:3   | Reached ***** piety under the Shining One
 19891 | Lair:4   | Found a staircase to the Slime Pits.
 20713 | Lair:5   | Entered Level 5 of the Lair of Beasts
 20717 | Lair:5   | Identified the +3 battleaxe "Muutew" {flame, Int+3}
 20742 | Lair:4   | Reached skill level 1 in Invocations
 21589 | Lair:5   | Reached XP level 15. HP: 97/121 MP: 26/26
 22413 | Lair:5   | Acquired 682 gold pieces
 22636 | D:8      | Bought a scroll of acquirement for 780 gold pieces
 22636 | D:8      | Acquired a +2 kite shield of reflection
 23243 | Lair:5   | Learned a level 7 spell: Storm Form
 23438 | Snake:1  | Entered Level 1 of the Snake Pit
 23438 | Snake:1  | Noticed Aizul
 23466 | Snake:1  | Killed Aizul
 23467 | Snake:1  | Reached skill level 1 in Transmutations
 23546 | Snake:1  | Reached skill level 1 in Shields
 23694 | Snake:1  | Identified Roxanne's Notes on the Ground
 23694 | Snake:1  | Noticed Roxanne
 23759 | Snake:1  | Reached skill level 1 in Air Magic
 24283 | Snake:1  | Found a frozen archway.
 24880 | Snake:2  | Reached skill level 5 in Transmutations
 25430 | Snake:2  | Noticed a nagaraja
 25450 | Snake:2  | HP: 5/122 [constriction (2)]
 25451 | Snake:2  | HP: 1/122 [constriction (4)]
 25452 | Snake:2  | Slain by a nagaraja

Illustrated notes

Levels and vault maps discovered:
D:1:      evilmike_arrival_rings, layout_rooms, serial_glass, glass_columns_c,
          glass_columns_a, glass_columns_a, glass_columns_a
D:2:      layout_loops_corners, shapermc_ecumenical_altar_totnotflames
D:3:      corexii_shack_village, layout_loops_ring, amcnicky_altar_gilded,
          st_stairs_13, chequers_serial_rivers_room_a
D:4:      minmay_angry_zag, layout_rooms, serial_shops, kennysheep_mini
D:5:      nicolae_cairo_tiling, layout_basic, nemelex_altar_shiori,
          temple_statues, minmay_misc_feat_tiny, uniq_pikel
D:6:      layout_loops_ring, ebering_ghost_sewer_d
D:7:      layout_loops_ring, fedhas_altar_decomposition, kb_rosetta,
          uniq_duvessa
D:8:      layout_basic, serial_shops, nicolae_shop_statue_plus, enter_bailey_5
D:9:      layout_loops_ring, dk_yredelemnul_ordeal,
          gammafunk_temple_overflow_pools, lair_entry_dummy, uniq_maurice
D:10:     layout_cave_pods, mainiacjoe_overflow_alcove_1,
          trog_three_pillars_becter, grunt_temple_overflow_open, uniq_lodul,
          uniq_joseph
D:11:     layout_irregular_city, ebering_ghost_xom, uniq_nergalle
Temple:   bh_familiar_temple
Lair:1:   layout_big_grid, beast_lair_carwin_8
Lair:2:   layout_long_grid, minmay_shoals_entry_lonely_mermaid,
          minmay_snake_entry_guardpost_small, beast_lair_carwin_2,
          grunt_megastairs_2
Lair:3:   layout_small_grid, hangedman_lair_generics_rect
Lair:4:   layout_cave_pods, dpeg_slime_entry_enclosed, gauntlet_entry_generic,
          infiniplex_staircase_pool
Lair:5:   evilmike_catoblepas_cave, layout_regular_city, ice2_lemuel,
          serial_bayou_shore_a
Snake:1:  cheibrodos_snake_ritualist_ritual, layout_misc_corridors,
          portal_ice_cave_entry_dragon, drop_trap, uniq_aizul, uniq_roxanne
Snake:2:  layout_gridlike, gammafunk_ghost_grave, nicolae_triple_integral,
          serial_bayou_shore_b
Orc:1:    layout_caves, basic_altar, nicolae_orc_pool_cavern
Orc:2:    st_orc_open, layout_caves, basic_altar

Skill      XL: |  1  2  3  4  5  6  7  8  9 10 11 12 13 14 15 |
---------------+----------------------------------------------+-----
Fighting       | 3 4 5 7 8 9 10 11 12 | 12.5
Polearms       | 5 6 7 9 11 13 15 16 | 16.7
Throwing       | 3 |  3.2
Dodging        | 5 6 7 9 10 11 12 13 14 | 14.9
Armour         | 1 2 3 4 5 7 8 9 11 | 11.6
Spellcasting   | 2 4 6 7 8 |  8.3
Invocations    | 3 |  3.8
Transmutations | 6 |  6.0
Shields        | 4 |  4.5
Air Magic      | 2 |  2.5

Action                     |  1- 3 |  4- 6 |  7- 9 | 10-12 | 13-15 || total
---------------------------+-------+-------+-------+-------+-------++-------
  Melee: Trident           |    67 |   163 |       |       |    49 ||   279
         Punch             |     1 |     1 |     1 |     9 |    15 ||    27
         Glaive            |       |    11 |       |       |       ||    11
         Lance             |       |    34 |   331 |   705 |  1515 ||  2585
         Tailslap          |       |       |       |       |     2 ||     2
 Invoke: Cleansing Flame   |       |       |       |       |     1 ||     1
  Evoke: Wand              |       |       |       |    16 |     2 ||    18
    Use: Scroll            |     3 |     5 |    10 |     5 |     8 ||    31
         Potion            |     3 |       |     7 |     7 |    14 ||    31
   Stab: Sleeping          |     1 |     2 |       |       |       ||     3
 Armour: Leather armour    |    24 |    20 |       |       |       ||    44
         Chain mail        |       |    83 |   129 |    18 |       ||   230
         Fire dragon scale |       |       |       |   194 |   373 ||   567
         Skin              |       |       |       |    54 |       ||    54
  Dodge: Dodged            |    85 |   144 |   153 |   419 |   920 ||  1721
         Repelled          |       |       |     4 |     9 |    24 ||    37
  Block: Kite shield       |       |       |       |       |   218 ||   218
         Reflection        |       |       |       |       |    37 ||    37

Table legend: (Time is in decaauts)
 A = Elapsed time spent in this place.
 B = Non-inter-level travel time spent in this place.
 C = Inter-level travel time spent in this place.
 D = Time resting spent in this place.
 E = Time spent auto-exploring this place.
 F = Levels seen in this place.
 G = Mean time per level.
                   A        B        C        D        E       F      G
               +--------+--------+--------+--------+--------+-----+--------+
         Total |  24206 |  22399 |   1807 |   5569 |  11487 |  22 | 1100.3 |
       Dungeon |  11059 |  10226 |    833 |   1750 |   6222 |  11 | 1005.4 |
        Temple |     79 |     54 |     25 |      0 |     43 |   1 |   79.0 |
          Lair |   6330 |   5696 |    634 |    850 |   3367 |   5 | 1266.0 |
     Snake Pit |   1825 |   1778 |     47 |    229 |    960 |   2 |  912.5 |
  Orcish Mines |   4071 |   3804 |    267 |   2264 |    843 |   2 | 2035.5 |
        Bailey |    840 |    840 |      0 |    475 |     51 |   1 |  840.0 |
               +--------+--------+--------+--------+--------+-----+--------+

Top non-repeatable levels by time:
   Orc:1: 2476 daAuts
    D:10: 2052 daAuts
  Lair:5: 1605 daAuts
   Orc:2: 1595 daAuts
  Lair:4: 1543 daAuts
  Lair:3: 1254 daAuts
     D:3: 1220 daAuts
  Lair:2: 1168 daAuts
     D:9: 1114 daAuts
     D:8: 1106 daAuts
 Snake:1: 1102 daAuts
     D:2: 1012 daAuts
     D:5: 957 daAuts
     D:4: 924 daAuts
  Bailey: 840 daAuts
